 Dungeon Crawl Stone Soup version 0.25-a0-294-gea9b1ad378 (webtiles) character file.

Game seed: 11447820756991408674, levelgen mode: deterministic

15376 moggi the Ripper (level 12, -11/58 HPs)
             Began as a Felid Berserker on Dec 20, 2019.
             Was the Champion of Trog.
             Shot with an arrow by a centaur warrior (13 damage)
             ... while petrified by you
             ... on level 13 of the Dungeon.
             The game lasted 00:38:04 (12664 turns).

moggi the Ripper (Felid Berserker)                 Turns: 12664, Time: 00:38:05

Health: -11/58     AC:  3    Str: 20    XL:     12   Next: 0%
Magic:  17/17      EV:  4    Int:  7    God:    Trog [******]
Gold:   626        SH:  0    Dex: 17    Spells: 11/11 levels left
                                        Lives:  0   Deaths: 3

rFire    . . .     SeeInvis +     - Unarmed
rCold    + . .     Gourm    .   (shield unavailable)
rNeg     + + +     Faith    .   (armour unavailable)
rPois    ∞         Spirit   .   (helmet unavailable)
rElec    .         Reflect  .   (cloak unavailable)
rCorr    .         Harm     .   (gloves unavailable)
MR       ++...     Clarity  +   (boots unavailable)
Stlth    +++++.....             f - amulet of regeneration
HPRegen  0.59/turn              s - ring of positive energy
MPRegen  0.15/turn              r - ring of protection from magic

@: petrified, quick
A: very small, no armour, no weapons or thrown items, stealth, claws 1, fangs 3,
see invisible, carnivore, clarity, dopey 1, speed 1, shaggy fur 3, slow
metabolism 1, strong 2, sharp paws
a: Berserk, Trog's Hand, Brothers in Arms, Renounce Religion


You were on level 13 of the Dungeon.
You worshipped Trog.
Trog was exalted by your worship.
You were very full.

You visited 1 branch of the dungeon, and saw 13 of its levels.

You collected 626 gold pieces.

Inventory:

Jewellery
 f - an amulet of regeneration (around neck)
 i - an uncursed ring of resist corrosion
 r - a ring of protection from magic (right paw)
 s - a ring of positive energy (left paw)
 t - an uncursed ring of positive energy
 z - an uncursed ring of magical power
 B - an uncursed ring of fire
Wands
 n - a wand of disintegration (23)
 u - a wand of paralysis (16)
 y - a wand of polymorph (10)
 A - a wand of random effects (59)
 H - a wand of enslavement (10)
Scrolls
 b - 4 scrolls of teleportation
 d - 6 scrolls of amnesia
 e - 3 scrolls of enchant armour {unknown}
 g - a scroll of blinking {unknown}
 j - 3 scrolls of magic mapping {unknown}
 k - 6 scrolls of remove curse
 m - 5 scrolls of enchant weapon {unknown}
 p - a scroll of random uselessness {unknown}
 q - a scroll of fear {unknown}
 v - 2 scrolls of fog {unknown}
 D - a scroll of vulnerability {unknown}
 E - a scroll of holy word {unknown}
 I - 2 scrolls of identify
 J - a scroll of torment {unknown}
Potions
 c - 2 potions of haste
 h - 2 potions of lignification
 l - 3 potions of might
 o - a potion of heal wounds
 w - a potion of agility
 x - 4 potions of curing
 C - 4 potions of brilliance
Miscellaneous
 F - a box of beasts
Comestibles
 a - 24 rations
 G - 7 chunks of flesh


   Skills:
 * Level 10.1 Fighting
 * Level 11.9 Dodging
 + Level 10.8 Stealth
 + Level 15.2 Unarmed Combat
 * Level 5.8 Evocations


You had 11 spell levels left.
You didn't know any spells.
Your spell library was empty.

Dungeon Overview and Level Annotations

Branches:
Dungeon (13/15)            Temple (0/1) D:4            Lair (0/6) D:11
    Orc (0/2) D:10
 Vaults: D:13-14

Altars:
Gozag
Okawaru
Trog

Shops:
D:8 *   D:9 *

Annotations:
D:1 exclusion: 2 downstairs
D:3 exclusion: downstairs
D:4 Dowan
D:9 exclusions: downstairs and orange crystal statue
D:10 exclusion: downstairs
D:12 exclusion: downstairs


Innate Abilities, Weirdness & Mutations

You cannot wear armour.
You are incapable of wielding weapons or throwing items.
Your paws allow you to move quietly. (Stealth)
You have sharp claws.
You have razor-sharp teeth.
You have supernaturally acute eyesight. (SInv)
You are carnivorous and can eat meat at any time.
You cover ground quickly.
Your thick and shaggy fur keeps you warm. (AC +3, rC+)
You have a slow metabolism.
Your sharp claws are effective at attacking unaware monsters.
You possess an exceptional clarity of mind.
You are dopey. (Int -2)
Your muscles are very strong. (Str +4)


Message History

The bullfrog croaks.
The centaur warrior wields a +0 longbow of freezing.
It is covered in frost.
The centaur warrior shoots an arrow.
The arrow hits you!
A centaur warrior comes into view.
A centaur warrior zombie comes into view.
A bullfrog skeleton comes into view.
The bullfrog hits you.
Found 15 gold pieces.
The centaur warrior shoots an arrow.
The arrow hits you! The arrow freezes you. The bullfrog hits you.
The centaur warrior shoots an arrow.
The arrow hits you!!
* * * LOW HITPOINT WARNING * * *
The arrow freezes you.
The centaur warrior wields a cursed +0 shortbow.
The centaur warrior shoots an arrow.
The arrow hits you!
* * * LOW HITPOINT WARNING * * *
The bullfrog hits you.
* * * LOW HITPOINT WARNING * * *
The centaur warrior shoots an arrow.
The arrow hits you!!
You die...

........≈≈≈≈≈.#
.........≈.≈≈.#
.........≈≈.≈.#
........≈≈≈≈.≈'
.........≈≈≈≈..
.......Z≈≈.≈..#
.........≈≈≈≈≈#
.$.....@.≈≈≈≈..
.....cF.≈.≈≈≈..
......Z..≈c≈≈##
........≈≈≈≈≈≈#
#######..≈≈≈≈≈≈
#..≈≈≈≈≈≈
#.#≈≈≈≈≈≈
#'#+#####


You could see 2 centaur warriors, a bullfrog, a centaur warrior zombie and a
bullfrog skeleton.

Vanquished Creatures
  Nessos (D:12)
  Josephine (D:11)
  Erolcha (D:10)
  Harold (D:8)
  4 two-headed ogres
  Erica (D:9)
  A catoblepas (D:10)
  An ogre mage (D:13)
  3 death yaks (D:11)
  Sonja (D:11)
  An unseen horror (D:11)
  Pikel (D:8)
  3 ugly things (D:11)
  A manticore (D:12)
  Psyche (D:10)
  6 trolls
  6 slime creatures (D:12)
  2 hornets
  3 hippogriffs
  3 shadows
  4 wyverns
  3 wraiths (D:11)
  12 yaks
  A steam dragon (D:9)
  3 hungry ghosts
  Edmund (D:6)
  2 water moccasins
  4 porcupines (D:11)
  Duvessa (D:4)
  9 orc warriors
  A black bear (D:6)
  2 ice beasts
  A sky beast (D:11)
  5 phantoms
  10 centaurs
  A necrophage (D:7)
  10 ogres
  A big kobold (D:11)
  8 bullfrogs
  4 scorpions
  3 killer bees (D:11)
  3 howler monkeys (D:10)
  9 wights
  2 electric eels (D:10)
  3 bullfrog zombies
  5 crimson imps
  3 centaur skeletons
  4 jellies
  11 orc priests
  5 hounds
  2 bullfrog skeletons
  22 orc wizards
  5 iguanas
  13 worker ants
  A hound zombie (D:8)
  A hound skeleton (D:8)
  A howler monkey zombie (D:7)
  A worker ant zombie (D:11)
  A howler monkey skeleton (D:9)
  A river rat (D:11)
  5 adders
  2 oozes (D:2)
  2 adder zombies (D:7)
  4 worms
  4 dart slugs
  7 leopard geckos
  72 orcs
  A ball python (D:4)
  6 bats
  4 giant cockroaches
  10 hobgoblins
  6 jackals
  11 kobolds
  8 quokkas
  A ball python zombie (D:6)
  6 frilled lizards
  4 goblins
  2 leopard gecko skeletons (D:6)
  11 rats
387 creatures vanquished.

Vanquished Creatures (others)
  2 slaves (D:8)
  A scorpion (D:8)
  A howler monkey (D:8)
  A leopard gecko (D:8)
  A kobold (D:11)
  A bush (D:6)
7 creatures vanquished.

Grand Total: 394 creatures vanquished

Notes
Turn   | Place    | Note
-------+----------+-------------------------------------------
     0 | D:1      | moggi the Felid Berserker began the quest for the Orb.
     0 | D:1      | Reached XP level 1. HP: 10/10 MP: 2/2
   706 | D:2      | Reached XP level 2. HP: 13/14 MP: 3/3
   962 | D:2      | Reached XP level 3. HP: 15/17 MP: 4/4
  1203 | D:2      | Reached skill level 1 in Stealth
  1296 | D:2      | Reached ** piety under Trog
  2260 | D:2      | Reached XP level 4. HP: 21/21 MP: 5/5
  2464 | D:3      | Reached skill level 4 in Unarmed Combat
  2547 | D:3      | Found a bloodstained altar of Trog.
  2606 | D:3      | Noticed an ogre
  2643 | D:3      | Killed an ogre
  2643 | D:3      | Reached skill level 5 in Dodging
  2643 | D:3      | Reached XP level 5. HP: 24/24 MP: 6/6
  2784 | D:3      | Blown up by an orc
  2785 | D:3      | Reached XP level 4. HP: -3/21 MP: 5/5
  2888 | D:3      | Reached skill level 5 in Unarmed Combat
  3306 | D:4      | Reached XP level 5. HP: 24/24 MP: 6/6
  3311 | D:4      | Noticed Dowan
  3316 | D:4      | Noticed Duvessa
  3432 | D:4      | Noticed an ogre
  3633 | D:3      | Killed an ogre
  3633 | D:3      | Gained mutation: You are covered in thick fur. (AC +2)
                  | [Felid growth]
  3633 | D:3      | Reached XP level 6. HP: 24/28 MP: 7/7
  3737 | D:4      | Reached skill level 6 in Unarmed Combat
  3890 | D:4      | Found an iron altar of Okawaru.
  4004 | D:4      | Found a staircase to the Ecumenical Temple.
  4071 | D:4      | Reached XP level 7. HP: 32/32 MP: 8/8
  4135 | D:4      | Killed Duvessa
  4351 | D:5      | Entered Level 5 of the Dungeon
  4546 | D:5      | Reached *** piety under Trog
  4889 | D:5      | Reached skill level 7 in Unarmed Combat
  5401 | D:6      | Reached skill level 5 in Stealth
  5401 | D:6      | Reached XP level 8. HP: 36/36 MP: 9/9
  5414 | D:6      | Noticed a hippogriff
  5421 | D:6      | Killed a hippogriff
  5421 | D:6      | Reached skill level 5 in Fighting
  5523 | D:6      | Reached skill level 8 in Unarmed Combat
  5615 | D:6      | Noticed Edmund
  5630 | D:6      | Killed Edmund
  5997 | D:7      | Reached XP level 9. HP: 34/41 MP: 10/10
  6005 | D:7      | Reached **** piety under Trog
  6005 | D:7      | Reached skill level 9 in Unarmed Combat
  6936 | D:7      | Reached skill level 10 in Unarmed Combat
  7141 | D:8      | Found Niomon's Demolitions Depot.
  7151 | D:8      | Reached ***** piety under Trog
  7160 | D:8      | HP: 1/42 [centaur (8)]
  7164 | D:8      | Noticed Pikel
  7165 | D:8      | Slain by a centaur
  7166 | D:8      | Reached XP level 8. HP: -3/39 MP: 9/9
  7241 | D:8      | Reached XP level 9. HP: 42/42 MP: 10/10
  7244 | D:8      | Killed Pikel
  7413 | D:8      | Noticed Harold
  7428 | D:8      | Killed Harold
  7428 | D:8      | Reached skill level 11 in Unarmed Combat
  7885 | D:9      | Reached XP level 10. HP: 41/47 MP: 11/11
  7959 | D:9      | Noticed Erica
  7975 | D:9      | Killed Erica
  8067 | D:9      | Noticed an orange crystal statue
  8144 | D:9      | Found Atotus's General Store.
  8183 | D:9      | Reached skill level 12 in Unarmed Combat
  8649 | D:9      | Gained mutation: You possess an exceptional clarity of
                  | mind. [potion of mutation]
  8649 | D:9      | Gained mutation: You are dopey. (Int -2) [potion of
                  | mutation]
  8649 | D:9      | Gained mutation: Your muscles are strong. (Str +2) [potion
                  | of mutation]
  8649 | D:9      | Gained mutation: Your muscles are very strong. (Str +4)
                  | [potion of mutation]
  8659 | D:10     | Entered Level 10 of the Dungeon
  9221 | D:10     | Found an opulent altar of Gozag.
  9222 | D:10     | Noticed a catoblepas
  9228 | D:10     | Killed a catoblepas
  9228 | D:10     | Reached XP level 11. HP: 52/52 MP: 12/12
  9233 | D:10     | Reached skill level 13 in Unarmed Combat
  9588 | D:10     | Noticed Psyche
  9595 | D:10     | Killed Psyche
  9753 | D:10     | Found a staircase to the Orcish Mines.
  9809 | D:11     | Noticed Sonja
 10036 | D:11     | Reached skill level 1 in Evocations
 10106 | D:11     | Noticed a death yak
 10119 | D:11     | Noticed Erolcha
 10121 | D:11     | Noticed a two-headed ogre
 10122 | D:11     | Noticed a death yak
 10124 | D:11     | Noticed Josephine
 10125 | D:11     | Noticed a death yak
 10156 | D:10     | Killed Erolcha
 10156 | D:10     | Reached skill level 10 in Dodging
 10222 | D:11     | Killed a two-headed ogre
 10229 | D:11     | Killed a death yak
 10258 | D:11     | Killed a death yak
 10268 | D:11     | Killed Josephine
 10473 | D:11     | Killed Sonja
 10473 | D:11     | Reached skill level 14 in Unarmed Combat
 10492 | D:11     | Noticed a green ugly thing
 10644 | D:11     | Killed a death yak
 10644 | D:11     | Reached ****** piety under Trog
 10688 | D:11     | Noticed a red ugly thing
 10712 | D:11     | Killed a red ugly thing
 10717 | D:11     | Gained mutation: Your thick and shaggy fur keeps you warm.
                  | (AC +3, rC+) [Felid growth]
 10717 | D:11     | Reached XP level 12. HP: 57/57 MP: 15/15
 10841 | D:11     | Found a staircase to the Lair.
 10911 | D:11     | Reached skill level 10 in Stealth
 11571 | D:12     | Noticed Nessos
 11586 | D:12     | Killed Nessos
 11697 | D:12     | Reached skill level 5 in Evocations
 11937 | D:12     | Reached skill level 15 in Unarmed Combat
 12179 | D:13     | Noticed a two-headed ogre
 12181 | D:13     | Noticed an ogre mage
 12181 | D:13     | Noticed a two-headed ogre
 12183 | D:13     | Noticed a two-headed ogre
 12184 | D:13     | Noticed a two-headed ogre
 12249 | D:12     | Killed a two-headed ogre
 12293 | D:12     | Killed a two-headed ogre
 12337 | D:13     | Reached skill level 10 in Fighting
 12394 | D:13     | Noticed a catoblepas
 12544 | D:13     | Slain by a catoblepas
 12545 | D:13     | Reached XP level 11. HP: 0/54 MP: 16/16
 12577 | D:13     | Killed a two-headed ogre
 12584 | D:13     | Killed an ogre mage
 12584 | D:13     | Reached XP level 12. HP: 58/58 MP: 17/17
 12662 | D:13     | Noticed a centaur warrior
 12662 | D:13     | Noticed a centaur warrior
 12664 | D:13     | HP: 2/58 [bullfrog (2)]
 12664 | D:13     | Shot with an arrow by a centaur warrior

Levels and vault maps discovered:
D:1:      moated_graveyard_arrival, layout_basic
D:2:      layout_basic, minmay_pentomino_pile
D:3:      layout_basic, bloody_trog
D:4:      layout_cave_pools, minmay_temple_entry_ruins,
          corexii_item_surrounded_by_moat, okawaru_gym_becter, uniq_duvessa
D:5:      layout_basic, first_ration, chequers_serial_rivers_room_a,
          minmay_curled_crystal, minmay_stone_trees_small
D:6:      layout_basic, kb_lookout_dungeons_type, uniq_edmund
D:7:      layout_layer_cave
D:8:      layout_gridville, nicolae_blasting_shop, uniq_pikel, uniq_harold
D:9:      layout_loops_ring, serial_shops, shop, grunt_ogre_cave,
          minmay_misc_feat_chi, minivault_16, uniq_erica
D:10:     layout_stronghold, david_orc_4, basic_altar, serial_bayou_ford_a,
          uniq_psyche
D:11:     layout_rooms, dpeg_lair_monsters, uniq_josephine, uniq_erolcha,
          uniq_sonja
D:12:     layout_long_grid, uniq_nessos
D:13:     layout_basic, serial_rivers, chequers_serial_rivers_large_b,
          chequers_serial_rivers_large_a, chequers_serial_rivers_micro_c,
          chequers_serial_rivers_room_b

Skill      XL: |  1  2  3  4  5  6  7  8  9 10 11 12 |
---------------+-------------------------------------+-----
Stealth        | 1 3 4 5 6 8 9 10 | 10.8
Unarmed Combat | 5 6 7 8 11 12 14 15 | 15.2
Dodging        | 5 6 7 8 9 10 11 | 11.9
Fighting       | 4 5 7 8 9 10 | 10.1
Evocations     | 3 5 |  5.8

Action                   |  1- 3 |  4- 6 |  7- 9 | 10-12 || total
-------------------------+-------+-------+-------+-------++-------
Melee: Unarmed           |    94 |   121 |   348 |   494 ||  1057
       Bite              |     9 |    12 |    31 |    74 ||   126
       Punch             |     2 |     3 |    21 |    26 ||    52
Invok: Berserk           |     4 |     6 |    13 |    15 ||    38
       Trog's Hand       |       |     1 |     3 |     6 ||    10
Evoke: Wand              |       |       |       |     5 ||     5
  Use: Potion            |       |       |     6 |     2 ||     8
       Scroll            |       |       |       |     8 ||     8
 Stab: Sleeping          |     3 |     5 |    14 |    16 ||    38
       Distracted        |       |       |     4 |     3 ||     7
       Paralysed         |       |       |       |     2 ||     2
       Petrified         |       |       |       |     2 ||     2
  Eat: Chunk             |    14 |    14 |    26 |    34 ||    88
Armor: Skin              |     2 |     3 |     9 |     9 ||    23
Dodge: Dodged            |    64 |    86 |   274 |   382 ||   806

Table legend:
 A = Non-vault XP
 B = Vault XP
 C = Vault XP percentage of total XP
 D = Non-vault monster count
 E = Vault monster count
 F = Vault count percentage of total count
                 A         B        C        D         E       F
            +---------+---------+-------+---------+---------+-------
      Total |   27485 |   12243 |  30.8 |     339 |      48 |  12.4
            +---------+---------+-------+---------+---------+-------
        D:1 |      11 |       0 |   0.0 |       8 |       0 |   0.0
        D:2 |      73 |      13 |  15.1 |      27 |       6 |  18.2
        D:3 |     392 |       0 |   0.0 |      31 |       0 |   0.0
        D:4 |     384 |     142 |  27.0 |      11 |       1 |   8.3
        D:5 |     363 |       0 |   0.0 |      19 |       0 |   0.0
        D:6 |    1013 |     283 |  21.8 |      21 |       2 |   8.7
        D:7 |    1873 |       0 |   0.0 |      41 |       0 |   0.0
        D:8 |    1704 |    1638 |  49.0 |      37 |       2 |   5.1
        D:9 |    1108 |    1031 |  48.2 |      21 |       2 |   8.7
       D:10 |    3373 |    2161 |  39.0 |      23 |      18 |  43.9
       D:11 |    7312 |    5650 |  43.6 |      43 |      16 |  27.1
       D:12 |    6434 |    1325 |  17.1 |      42 |       1 |   2.3
       D:13 |    3445 |       0 |   0.0 |      15 |       0 |   0.0
            +---------+---------+-------+---------+---------+-------
